 Dungeon Crawl Stone Soup version 0.31-a0-542-gdc2a67831c (webtiles) character file.

Game seed: 16561332895732621038

13748 mopl the Tainter (level 12, -2/92 HPs)
             Began as a Formicid Venom Mage on Aug 14, 2023.
             Was a High Priest of Cheibriados.
             Slain by a two-headed ogre simulacrum (4 damage)
             ... on level 1 of the Orcish Mines.
             The game lasted 00:18:50 (11087 turns).

mopl the Tainter (Formicid Venom Mage)             Turns: 11087, Time: 00:18:52

Health: -2/92      AC: 12    Str: 25    XL:     12   Next: 36%
Magic:  26/26      EV: 16    Int: 30    God:    Cheibriados [*****.]
Gold:   690        SH:  0    Dex: 25    Spells: 1/17 levels left

rFire   + + .        b - +6 flail (holy)
rCold   + + .        (no shield)
rNeg    . . .        B - +2 ring mail {rF+}
rPois   .            (helmet unavailable)
rElec   .            z - scarf {rC+ rF+}
rCorr   .            v - +1 pair of gloves
SInv    +            Q - +0 pair of boots
Will    +....        e - amulet of the acrobat
Stlth   ++           x - ring of magical power
HPRegen 0.35/turn    U - ring of protection from cold
MPRegen 0.20/turn

%: acrobat
@: very slow
A: permanent stasis, dig shafts and tunnels, antennae 3, four strong arms
a: Dig, Shaft Self, Renounce Religion, Bend Time, Temporal Distortion, Slouch,
Step From Time


You were on level 1 of the Orcish Mines.
You worshipped Cheibriados.
Cheibriados was extremely pleased with you.
You visited 3 branches of the dungeon, and saw 13 of its levels.

You collected 690 gold pieces.

Inventory:

Hand Weapons
 b - a +6 flail of holy wrath (weapon)
 y - a +1 demon whip of venom
 W - the +3 long sword of Vourphipp {flame, rN+ Stlth+}
   (You found it on level 6 of the Dungeon)

   rN+:       It protects you from negative energy.
   Stlth+:    It makes you more stealthy.
 X - a +3 glaive of draining
Missiles
 H - 5 javelins
 I - 35 poisoned darts
 R - a curare-tipped dart
 V - 4 boomerangs
Armour
 r - +0 fire dragon scales
 v - a +1 pair of gloves (worn)
 z - a scarf of resistance (worn)
 B - a +2 ring mail of fire resistance (worn)
 Q - a +0 pair of boots (worn)
Magical Staves
 a - a staff of poison
Jewellery
 e - an amulet of the acrobat (around neck)
 k - a ring of flight
 n - a +5 ring of evasion
 x - a ring of magical power (left hand)
 E - a ring of wizardry
 G - a ring of willpower
 O - a ring of resist corrosion
 T - a ring of positive energy
 U - a ring of protection from cold (right hand)
Talismans
 w - a flux talisman
Wands
 g - a wand of light (5)
 s - a wand of flame (4)
 t - a wand of mindburst (16)
 S - a wand of polymorph (7)
Scrolls
 c - 4 scrolls of blinking {unknown}
 h - 3 scrolls of noise {unknown}
 j - 3 scrolls of teleportation {unknown}
 m - 2 scrolls of immolation {unknown}
 o - a scroll of brand weapon {unknown}
 q - 2 scrolls of fog {unknown}
 u - 2 scrolls of silence {unknown}
 A - 4 scrolls of revelation {unknown}
 C - a scroll of enchant weapon {unknown}
 K - 3 scrolls of fear {unknown}
 M - 3 scrolls of acquirement {unknown}
 N - a scroll of amnesia
 Y - 3 scrolls of poison {unknown}
 Z - 3 scrolls of enchant armour
Potions
 d - a potion of mutation {unknown}
 f - 2 potions of heal wounds
 i - a potion of invisibility
 l - a potion of brilliance
 p - 2 potions of might
 D - a potion of curing
 F - a potion of lignification {!q}
 J - 3 potions of enlightenment
 L - a potion of ambrosia
 P - a potion of magic


   Skills:
 + Level 7.7 Fighting
 + Level 7.7 Armour
 + Level 6.7 Dodging
 - Level 2.4 Stealth
 - Level 3.0 Spellcasting
 + Level 4.1 Transmutations
 + Level 14.8 Poison Magic
 + Level 7.0 Invocations
 + Level 6.7 Evocations


You had one spell level left.
You knew the following spells:

 Your Spells              Type           Power      Damage    Failure   Level
a - Sting                 Tmut/Pois      100%       1d8       1%          1
b - Eringya's Noxious Bo  Tmut/Pois      28%        4d6       32%         6
c - Mephitic Cloud        Conj/Pois/Air  34%        N/A       4%          3
d - Poisonous Vapours     Pois/Air       98%        N/A       1%          2
o - Olgreb's Toxic Radia  Pois           76%        N/A       1%          4

Your spell library contained the following spells:

 Spells                   Type           Power      Damage    Failure   Level
 Sandblast                Erth           8%         2d5       11%         1
 Alistair's Intoxication  Tmut/Pois      38%        N/A       6%          5
 Passwall                 Tmut/Erth      14%        N/A       7%          2
 Ensorcelled Hibernation  Hex/Ice        8%         N/A       16%         2
 Lesser Beckoning         Tloc           8%         N/A       16%         2
 Momentum Strike          Conj/Tloc      8%         3d8       16%         2
 Inner Flame              Hex/Fire       4%         N/A       30%         3
 Stone Arrow              Conj/Erth      8%         3d7       30%         3
 Flame Wave               Conj/Fire      4%         2d5       71%         4
 Manifold Assault         Tloc           4%         N/A       71%         4
 Sticky Flame             Conj/Fire      4%         2d3       71%         4
 Borgnjor's Vile Clutch   Necr/Erth      2%         N/A       96%         5
 Blink                    Tloc           Unusable   N/A       N/A         2
 Swiftness                Air            Unusable   N/A       N/A         3

Dungeon Overview and Level Annotations

Branches:
Dungeon (11/15)            Temple (1/1) D:6            Lair (0/5) D:10
    Orc (1/2) D:10

Altars:
Ashenzari
Cheibriados
Dithmenos
Elyvilon
Fedhas
Gozag
Hepliaklqana
Kikubaaqudgha
Makhleb
Nemelex Xobeh
Okawaru
Qazlal
Ru
Sif Muna
Trog
Uskayaw
Vehumet
Wu Jian
Xom
Yredelemnul
Zin
The Shining One

Annotations:
D:5 2 runed translucent doors, t4s4d4r's ghost, novice OpFi


Innate Abilities, Weirdness & Mutations

You cannot be hasted, slowed, berserked, paralysed or teleported.
You can dig through walls and to a lower floor.
You have a pair of large antennae on your head. (SInv)
Your four strong arms can wield two-handed weapons with a shield.


Message History

You hit the elephant simulacrum but do no damage.
The elephant simulacrum is heavily damaged.
The elephant simulacrum tramples you.
* * * LOW HITPOINT WARNING * * *
You hold your ground!
The elephant simulacrum trunk-slaps you but does no damage.
The elephant simulacrum closely misses you.
The elephant simulacrum misses you.
You hit the elephant simulacrum.
The elephant simulacrum convulses.
The elephant simulacrum is severely damaged.
The elephant simulacrum tramples you.
* * * LOW HITPOINT WARNING * * *
You hold your ground!
The elephant simulacrum trunk-slaps you but does no damage.
Unknown command.
You sock the elephant simulacrum!
The elephant simulacrum vaporises!
Cheibriados appreciates the change of pace.
Your life force feels restored.
Unknown command.
You hit the naga simulacrum.
The naga simulacrum convulses.
The naga simulacrum is heavily damaged.
The naga simulacrum closely misses you. The naga simulacrum misses you.
Unknown command.
You thump the naga simulacrum!
The naga simulacrum convulses!
The naga simulacrum vaporises!
Cheibriados appreciates the change of pace.
You hit the two-headed ogre simulacrum.
The two-headed ogre simulacrum convulses.
The two-headed ogre simulacrum is heavily damaged.
The two-headed ogre simulacrum hits you!
* * * LOW HITPOINT WARNING * * *
The two-headed ogre simulacrum freezes you!
You resist.
* * * LOW HITPOINT WARNING * * *
The two-headed ogre simulacrum hits you.
* * * LOW HITPOINT WARNING * * *
The two-headed ogre simulacrum freezes you.
You resist.
You die...

.. .# #.####
$....#. .. ###
....... ...
#@##..#..#
..$.##Z....#
....#.>....#
##........## #
.........#.##.#
...$........^...
................
####....<.#.....
#.......#....


You could see a two-headed ogre simulacrum.

Vanquished Creatures
  Josephine (D:10)
  A boulder beetle (D:8)
  Amaemon (D:8)
  Jeremiah (D:6)
  An orange demon (D:8)
  An unseen horror (D:11)
  A kobold demonologist (D:10)
  2 trolls (D:11)
  A hornet (D:8)
  2 shadows
  15 yaks (D:10)
  6 wraiths
  The ghost of Iidacon the Covered, an amateur AtFi (D:4)
  Eustachio (D:6)
  2 wyverns
  4 vampire mosquitoes (D:11)
  A warg (Orc:1)
  Edmund (D:5)
  4 water moccasins
  Duvessa (D:4)
  2 black bears
  A swamp drake (D:10)
  An ice beast (D:5)
  A sky beast (D:7)
  4 orc warriors
  2 ogres
  4 centaurs
  5 kobold brigands
  Blork the orc (D:6)
  8 bullfrogs
  A gnoll sergeant (D:9)
  A two-headed ogre simulacrum (Orc:1)
  3 scorpions
  3 wights (D:8)
  Dowan (D:4)
  16 killer bees
  An elephant simulacrum (Orc:1)
  2 jellies
  3 howler monkeys
  7 orc priests
  5 hounds
  Crazy Yiuf (D:3)
  4 sleepcaps
  A centaur skeleton (D:4)
  5 iguanas
  Natasha (thrice) (D:2)
  8 orc wizards
  A troll simulacrum (Orc:1)
  4 gnolls
  A howler monkey skeleton (D:4)
  10 adders
  A naga simulacrum (Orc:1)
  2 ufetubi
  A worm (D:4)
  47 orcs
  4 ball pythons
  8 bats
  3 endoplasms
  3 giant cockroaches
  11 goblins
  8 hobgoblins
  7 jackals (D:2)
  5 quokkas
  2 frilled lizards
  30 kobolds
  6 rats
296 creatures vanquished.

Notes
Turn   | Place    | Note
-------+----------+-------------------------------------------
     0 | D:1      | mopl the Formicid Venom Mage began the quest for the Orb.
     0 | D:1      | Reached XP level 1. HP: 13/13 MP: 3/3
   123 | D:1      | Reached XP level 2. HP: 19/19 MP: 1/5
   632 | D:2      | Reached XP level 3. HP: 24/24 MP: 2/7
   731 | D:2      | Reached skill level 3 in Spellcasting
   731 | D:2      | Reached skill level 5 in Poison Magic
   932 | D:2      | Reached XP level 4. HP: 30/30 MP: 2/8
   937 | D:2      | Learned a level 4 spell: Olgreb's Toxic Radiance
  1258 | D:2      | Noticed Natasha
  1266 | D:2      | Killed Natasha
  1267 | D:2      | Reached skill level 6 in Poison Magic
  1285 | D:2      | Reached XP level 5. HP: 14/35 MP: 0/9
  1471 | D:2      | Noticed Natasha
  1486 | D:2      | Killed Natasha
  1819 | D:2      | Noticed Natasha
  1824 | D:2      | Killed Natasha
  1825 | D:2      | Reached skill level 7 in Poison Magic
  2496 | D:3      | Found an ornate altar of the Wu Jian Council.
  2523 | D:3      | Learned a level 2 spell: Poisonous Vapours
  2565 | D:3      | Found a runed translucent door.
  2566 | D:3      | Noticed Crazy Yiuf
  2574 | D:3      | Killed Crazy Yiuf
  2575 | D:3      | Reached XP level 6. HP: 31/41 MP: 5/10
  2647 | D:3      | Found an opulent altar of Gozag.
  2647 | D:3      | Found a shimmering blue altar of Sif Muna.
  3194 | D:4      | Reached skill level 8 in Poison Magic
  3391 | D:4      | Reached skill level 9 in Poison Magic
  3393 | D:4      | Reached XP level 7. HP: 29/46 MP: 11/11
  3532 | D:4      | Reached skill level 10 in Poison Magic
  3543 | D:4      | Found a transporter.
  3581 | D:4      | Found a transporter.
  3584 | D:4      | Noticed Iidacon's ghost (amateur AtFi)
  4022 | D:4      | Noticed Dowan
  4024 | D:4      | Noticed Duvessa
  4031 | D:4      | Killed Dowan
  4034 | D:4      | Killed Duvessa
  4035 | D:4      | Reached skill level 11 in Poison Magic
  4035 | D:4      | Reached XP level 8. HP: 5/52 MP: 10/12
  4204 | D:4      | Learned a level 3 spell: Mephitic Cloud
  4359 | D:4      | Killed Iidacon's ghost
  4507 | D:4      | Reached skill level 12 in Poison Magic
  4549 | D:5      | Entered Level 5 of the Dungeon
  4588 | D:5      | Reached skill level 2 in Dodging
  4589 | D:5      | Reached skill level 1 in Fighting
  4589 | D:5      | Reached skill level 1 in Armour
  4678 | D:5      | Reached skill level 2 in Fighting
  4678 | D:5      | Reached skill level 2 in Armour
  4782 | D:5      | Noticed Edmund
  4800 | D:5      | Killed Edmund
  4801 | D:5      | Reached skill level 3 in Dodging
  4801 | D:5      | Reached XP level 9. HP: 62/62 MP: 5/13
  4832 | D:5      | Reached skill level 3 in Fighting
  4832 | D:5      | Reached skill level 3 in Armour
  5235 | D:5      | Found a sacrificial altar of Ru.
  5235 | D:5      | Found a glowing golden altar of the Shining One.
  5236 | D:5      | Found a bloodstained altar of Trog.
  5309 | D:5      | Found a large runed translucent door.
  5309 | D:5      | Found a large runed translucent door.
  5313 | D:5      | Noticed t4s4d4r's ghost (novice OpFi)
  5406 | D:5      | Reached skill level 1 in Evocations
  5573 | D:6      | Noticed Blork the orc
  5573 | D:6      | Noticed Eustachio
  5582 | D:6      | Killed Blork the orc
  5590 | D:6      | Killed Eustachio
  5634 | D:6      | Found a staircase to the Ecumenical Temple.
  5682 | Temple   | Entered the Ecumenical Temple
  5704 | Temple   | Became a worshipper of Cheibriados the Contemplative
  5827 | D:6      | Reached skill level 2 in Evocations
  5866 | D:6      | Identified the +3 long sword of Vourphipp {flame, rN+
                  | Stlth+}
  5923 | D:6      | Noticed Jeremiah
  5936 | D:6      | Killed Jeremiah
  5937 | D:6      | Reached skill level 4 in Fighting
  5937 | D:6      | Reached skill level 4 in Armour
  5937 | D:6      | Reached skill level 4 in Dodging
  5937 | D:6      | Reached skill level 13 in Poison Magic
  5937 | D:6      | Reached skill level 1 in Invocations
  6020 | D:6      | Reached skill level 2 in Invocations
  6465 | D:7      | Reached skill level 3 in Evocations
  6465 | D:7      | Reached XP level 10. HP: 16/73 MP: 14/14
  7008 | D:7      | Reached * piety under Cheibriados
  7027 | D:7      | Reached skill level 3 in Invocations
  7037 | D:7      | Reached skill level 5 in Armour
  7322 | D:8      | Reached skill level 5 in Fighting
  7505 | D:8      | Reached ** piety under Cheibriados
  7513 | D:8      | Reached skill level 4 in Evocations
  7554 | D:8      | Noticed an orange demon
  7559 | D:8      | Noticed Amaemon
  7563 | D:8      | Killed an orange demon
  7564 | D:8      | Reached skill level 5 in Dodging
  7564 | D:8      | Reached skill level 4 in Invocations
  7573 | D:8      | Killed Amaemon
  7753 | D:8      | Found a radiant altar of Vehumet.
  7765 | D:8      | Reached skill level 6 in Armour
  7853 | D:8      | Noticed a boulder beetle
  7862 | D:8      | Killed a boulder beetle
  7863 | D:8      | Reached skill level 6 in Fighting
  7863 | D:8      | Reached skill level 14 in Poison Magic
  7863 | D:8      | Reached skill level 5 in Evocations
  7863 | D:8      | Reached XP level 11. HP: 80/81 MP: 15/15
  7918 | D:8      | Found a shimmering altar of Xom.
  8327 | D:9      | Reached skill level 5 in Invocations
  8578 | D:9      | Reached *** piety under Cheibriados
  8780 | D:9      | Found an ancient bone altar of Kikubaaqudgha.
  8874 | D:9      | Learned a level 6 spell: Eringya's Noxious Bog
  8932 | D:10     | Entered Level 10 of the Dungeon
  8970 | D:10     | Reached skill level 2 in Transmutations
  9018 | D:10     | Reached **** piety under Cheibriados
  9253 | D:10     | Reached skill level 6 in Dodging
  9406 | D:10     | Noticed Josephine
  9433 | D:10     | Reached skill level 6 in Invocations
  9439 | D:10     | Reached skill level 7 in Fighting
  9439 | D:10     | Reached skill level 7 in Armour
  9540 | D:10     | Reached skill level 6 in Evocations
  9543 | D:10     | Reached skill level 3 in Transmutations
  9549 | D:10     | Killed Josephine
  9550 | D:10     | Reached XP level 12. HP: 91/91 MP: 7/16
  9588 | D:10     | Found a staircase to the Lair.
  9876 | D:10     | Reached ***** piety under Cheibriados
  9905 | D:10     | Found a staircase to the Orcish Mines.
 10723 | D:11     | Reached skill level 4 in Transmutations
 10726 | D:11     | Identified the +7 spear "Etutioko" {distort, rPois MP-9
                  | Str+2 Dex+4}
 11054 | Orc:1    | Entered Level 1 of the Orcish Mines
 11081 | Orc:1    | Reached skill level 7 in Invocations
 11087 | Orc:1    | HP: 3/92 [two-headed ogre simulacrum (7)]
 11087 | Orc:1    | Slain by a two-headed ogre simulacrum

Illustrated notes

Levels and vault maps discovered:
D:1:      tarquinn_simple_flora_water_e, layout_rooms, patterned_corridor
D:2:      kennysheep_the_goblin_king, layout_loops_corners, uniq_natasha
D:3:      layout_loops_ring, grunt_temple_overflow_open,
          mainiacjoe_overflow_paths, uniq_crazy_yiuf_cottage
D:4:      minmay_general_purpose_star, layout_loops_cross,
          gammafunk_ghost_mausoleum, cheibrodos_gnoll_hut, uniq_duvessa
D:5:      layout_loops_ring, gammafunk_temple_overflow_claw,
          ebering_ghost_disaster_area, minmay_joined_circles, uniq_edmund
D:6:      layout_basic, minmay_temple_entry_trees, uniq_jeremiah,
          uniq_blork_the_orc, uniq_eustachio
D:7:      layout_basic
D:8:      layout_basic, tgw_xom, nicolae_vehumet_altar_sigil, hex_medium,
          uniq_amaemon
D:9:      layout_rooms, kiku_gazebo_garden_becter,
          minmay_fractal_squares_gapless_5
D:10:     layout_basic, due_lair_maze_entry_diamond, erik_orc_1,
          kennysheep_generic_room_13, uniq_josephine
D:11:     layout_long_grid
Temple:   nicolae_temple_figure_eight
Orc:1:    layout_caves, special_room [special_room_orc],
          portal_ice_cave_entry_ice_simulacra, mines1_david

Skill      XL: |  1  2  3  4  5  6  7  8  9 10 11 12 |
---------------+-------------------------------------+-----
Spellcasting   | 3 |  3.0
Poison Magic   | 5 6 7 9 11 12 13 14 | 14.8
Dodging        | 3 4 5 6 |  6.7
Fighting       | 2 4 6 7 |  7.7
Armour         | 2 4 6 7 |  7.7
Evocations     | 3 5 6 |  6.7
Invocations    | 2 4 6 7 |  7.0
Transmutations | 3 4 |  4.1
Stealth        | |  2.4

Action                     |  1- 3 |  4- 6 |  7- 9 | 10-12 || total
---------------------------+-------+-------+-------+-------++-------
  Melee: Unarmed           |    28 |     3 |     7 |       ||    38
         Rapier            |       |     7 |       |       ||     7
         Quarterstaff      |       |    46 |   106 |       ||   152
         Punch             |       |     1 |     2 |     4 ||     7
         Staff             |       |       |    78 |   191 ||   269
         Flail             |       |       |     8 |    79 ||    87
   Cast: Sting             |    46 |    36 |    10 |     8 ||   100
         Olgreb's Toxic Ra |       |     5 |    30 |    54 ||    89
         Poisonous Vapours |       |       |     2 |       ||     2
         Mephitic Cloud    |       |       |     1 |       ||     1
 Invoke: Slouch            |       |       |       |     1 ||     1
Ability: Dig               |       |       |       |     1 ||     1
  Evoke: Wand              |       |       |       |     5 ||     5
    Use: Scroll            |       |       |       |    12 ||    12
   Stab: Sleeping          |       |     2 |     1 |     1 ||     4
         Confused          |       |       |     1 |     1 ||     2
 Armour: Robe              |     6 |    22 |       |       ||    28
         Ring mail         |       |       |    76 |    93 ||   169
         Skin              |       |       |     1 |       ||     1
  Dodge: Dodged            |    18 |    40 |   118 |   254 ||   430
  Block: Other             |    13 |    13 |    40 |    52 ||   118
         Reflection        |       |     1 |       |     2 ||     3

Table legend: (Time is in decaauts)
 A = Elapsed time spent in this place.
 B = Non-inter-level travel time spent in this place.
 C = Inter-level travel time spent in this place.
 D = Time resting spent in this place.
 E = Time spent auto-exploring this place.
 F = Levels seen in this place.
 G = Mean time per level.
                   A        B        C        D        E       F      G
               +--------+--------+--------+--------+--------+-----+--------+
         Total |  13479 |  12864 |    615 |   1331 |   9113 |  13 | 1036.8 |
       Dungeon |  13388 |  12819 |    569 |   1331 |   9113 |  11 | 1217.1 |
        Temple |     47 |      1 |     46 |      0 |      0 |   1 |   47.0 |
  Orcish Mines |     43 |     43 |      0 |      0 |      0 |   1 |   43.0 |
               +--------+--------+--------+--------+--------+-----+--------+

Top non-repeatable levels by time:
    D:10: 2048 daAuts
     D:2: 1833 daAuts
     D:8: 1609 daAuts
     D:4: 1387 daAuts
    D:11: 1331 daAuts
     D:6: 1056 daAuts
     D:5: 1004 daAuts
     D:7: 987 daAuts
     D:3: 811 daAuts
     D:9: 767 daAuts
     D:1: 550 daAuts
  Temple: 47 daAuts
   Orc:1: 43 daAuts
